 Dungeon Crawl Stone Soup version 0.27-a0-1071-ga85bd9520d (webtiles) character file.

Game seed: 16263851999961790421

49 wakim the Insei (level 3, -1/23 HPs)
             Began as an Octopode Transmuter on Apr 24, 2021.
             Slain by an ice beast (12 damage)
             ... on level 2 of the Dungeon.
             The game lasted 00:06:37 (1784 turns).

wakim the Insei (Octopode Transmuter)               Turns: 1784, Time: 00:06:37

Health: -1/23      AC:  1    Str:  9    XL:     3   Next: 75%
Magic:  5/6        EV: 13    Int: 16    God:
Gold:   61         SH:  0    Dex: 12    Spells: 2/6 levels left

rFire    . . .     SeeInvis .     - Unarmed
rCold    . . .     Faith    .   (no shield)
rNeg     . . .     Spirit   .   (helmet currently unavailable)
rPois    .         Reflect  .   (no amulet)
rElec    .         Harm     .   (no ring)
rCorr    .         Rampage  .   (no ring)
Will     .....                  (no ring)
Stlth    +++.......             (no ring)
HPRegen  0.07/turn              (no ring)
MPRegen  0.10/turn              (no ring)
                                (no ring)
                                (no ring)

@: appendages (expiring)
A: tentacle spike 3, almost no armour, amphibious, 8 rings, camouflage 1,
gelatinous body 1, (nimble swimmer 1), tentacles
a: End Transformation


You were on level 2 of the Dungeon.
One of your tentacles had grown a beastly spike.
You visited 1 branch of the dungeon, and saw 2 of its levels.

You collected 61 gold pieces.

Inventory:

Jewellery
 b - a ring of willpower
Scrolls
 a - a scroll of teleportation {unknown}
 W - 2 scrolls of holy word
Potions
 f - a potion of heal wounds {unknown}
 L - a potion of lignification {!q}


   Skills:
 + Level 1.2 Fighting
 - Level 2.0 Dodging
 - Level 3.0 Stealth
 * Level 3.7 Unarmed Combat
 - Level 2.0 Spellcasting
 * Level 2.2 Transmutations


You had 2 spell levels left.
You knew the following spells:

 Your Spells              Type           Power      Damage    Failure   Level
a - Beastly Appendage     Tmut           16%        N/A       9%          1
x - Spider Form           Tmut/Pois      2%         N/A       36%         3

Your spell library contained the following spells:

 Spells                   Type           Power      Damage    Failure   Level
 Wereblood                Tmut           8%         N/A       12%         2
 Ice Form                 Ice/Tmut       5%         N/A       78%         4
 Hydra Form               Tmut           4%         N/A       92%         5


Dungeon Overview and Level Annotations

Branches:
Dungeon (2/15)

Altars:


Innate Abilities, Weirdness & Mutations

One of your tentacles has grown a beastly spike.
You cannot wear most types of armour.
You are amphibious.
You can wear up to eight rings at the same time.
Your skin changes colour to match your surroundings (Stealth+).
Your rubbery body absorbs attacks. (AC +1, EV +1)
((You are camouflaged near water. (Stealth+)))
You have tentacles for arms and can constrict up to eight enemies at once.


Message History

The endoplasm is almost dead.
The endoplasm freezes you.
You are frozen.
You tentacle-slap the endoplasm but do no damage.
The endoplasm is severely wounded.
The endoplasm closely misses you.
You barely miss the endoplasm. You squeeze the endoplasm.
You kill the endoplasm!
Your transformation is almost over.
Your tentacle spike disappears.
You now have 47 gold pieces (gained 11).
Found 14 gold pieces.
You open the door.
There is an open door here.
Found a scroll labelled RULIOS ODOENTE.
You now have 61 gold pieces (gained 14).
a - a scroll labelled RULIOS ODOENTE A ball python comes into view.
A ball python is nearby!
The ball python bites you but does no damage.
The ball python completely misses you.
You closely miss the ball python. Your grab misses the ball python.
Your tentacle-slap misses the ball python.
The ball python closely misses you. x2
You tentacle-slap the ball python.
You kill the ball python!
You see here a ball python corpse.
An ice beast comes into view.
A kobold comes into view. It is wielding a +0 short sword.
A goblin comes into view. It is wielding a +0 dagger.
Casting: Beastly Appendage (safe; 9% risk of failure)
Confirm with . or Enter, or press ? or * to list all spells.
One of your tentacles grows a vicious spike.
The ice beast hits you. The ice beast freezes you.
Your transformation is almost over.
The ice beast hits you.
* * * LOW HITPOINT WARNING * * *
The ice beast freezes you!
Ouch! That really hurt!
You die...

.# .# #....... .####
#...... ....# #.....
.#..# #.... ##..#
#..g ##..# #.. ....#
#Y#######
....#####+##
#.@.....#
.....##....#
#.#####.#
##+#.##....####.....#
#.##.............#.
#.##...............#
#........###.......#
..........†.#
....#...#
............#
#.#.#...#
........#.#.# #...#
K.#


You could see an ice beast.

Vanquished Creatures
  A gnoll (D:1)
  6 endoplasms
  2 giant cockroaches (D:1)
  A goblin (D:1)
  3 hobgoblins (D:1)
  3 jackals (D:1)
  A kobold (D:1)
  4 quokkas (D:1)
  6 ball pythons
  2 bats (D:1)
  4 rats
33 creatures vanquished.

Notes
Turn   | Place    | Note
-------+----------+-------------------------------------------
     0 | D:1      | wakim the Octopode Transmuter began the quest for the Orb.
     0 | D:1      | Reached XP level 1. HP: 13/13 MP: 3/3
   295 | D:1      | Reached skill level 1 in Stealth
   422 | D:1      | Reached XP level 2. HP: 16/18 MP: 5/5
   897 | D:1      | Reached XP level 3. HP: 13/23 MP: 6/6
   905 | D:1      | Learned a level 3 spell: Spider Form
  1778 | D:2      | Noticed an ice beast
  1784 | D:2      | Slain by an ice beast

Illustrated notes

Levels and vault maps discovered:
D:1:      scummos_arrival_star, layout_basic, minmay_pentomino_u4
D:2:      layout_basic, basic_altar, shapermc_ecumenical_altar_notcrosses,
          minmay_misc_feat_chi, serial_bayou_lagoon_a, kennysheep_doodads

Skill      XL: |  1  2 |
---------------+-------+-----
Stealth        | 1 3 |  3.0
Fighting       | |  1.2
Dodging        | |  2.0
Unarmed Combat | |  3.7
Spellcasting   | |  2.0
Transmutations | |  2.2

Action                   || total
-------------------------++-------
Melee: Unarmed           ||    84
       Constrict         ||    19
       Tentacles         ||    14
       Kick              ||    17
       Punch             ||     5
 Cast: Beastly Appendage ||    15
  Use: Scroll            ||     6
 Stab: Sleeping          ||     5
Armor: Skin              ||     8
Dodge: Dodged            ||    48

Table legend: (Time is in decaauts)
 A = Elapsed time spent in this place.
 B = Non-inter-level travel time spent in this place.
 C = Inter-level travel time spent in this place.
 D = Time resting spent in this place.
 E = Time spent auto-exploring this place.
 F = Levels seen in this place.
 G = Mean time per level.
                   A        B        C        D        E       F      G
               +--------+--------+--------+--------+--------+-----+--------+
         Total |   1778 |   1761 |     17 |     26 |   1446 |   2 |  889.0 |
       Dungeon |   1778 |   1761 |     17 |     26 |   1446 |   2 |  889.0 |
               +--------+--------+--------+--------+--------+-----+--------+

Top non-repeatable levels by time:
     D:1: 1543 daAuts
     D:2: 235 daAuts
